 Dungeon Crawl Stone Soup version 0.30-a0-782-ge64f9170bb (webtiles) character file.

Game seed: 6896984976416427933

13997 Leeroy the Fighter (level 12, 0/71 (74) HPs)
             Began as a Vine Stalker Warper on Mar 7, 2023.
             Was the Champion of Jiyva.
             Slain by a pharaoh ant (3 damage)
             ... on level 2 of the Lair of Beasts.
             The game lasted 00:15:53 (9004 turns).

Leeroy the Fighter (Vine Stalker Warper)            Turns: 9004, Time: 00:15:53

HP:   0/71 (74)     AC:  4    Str: 16    XL:     12   Next: 11%
MP:   0/30          EV: 17    Int: 21    God:    Jiyva [******]
Gold: 501           SH:  0    Dex: 19    Spells: 12/21 levels left

rFire   + . .      SeeInvis .    F - +1 scimitar (flame)
rCold   . . .      Faith    .    (no shield)
rNeg    + . .      Spirit   +    S - +1 robe "Fuokhlih" {Str+3 Dex+3}
rPois   .          Reflect  .    (helmet restricted)
rElec   .          Harm     .    (no cloak)
rCorr   +          Rampage  .    (no gloves)
Will    ++++.      Clarity  +    (no boots)
Stlth   ++                       R - amulet of the Four Winds {rN+ Will+++ Clar}
HPRegen 2.71/turn                K - ring of magical power
MPRegen 0.72/turn                (no ring)

@: marked, lightly drained
A: fangs 3, regeneration 1, magic shield, antimagic bite, no potion heal 2,
horns 1, clever 2, fire resistance 1, mutation resistance 2, eyeballs 2,
gelatinous body 2, pseudopods 1, tendrils
a: Renounce Religion, Oozemancy, Slimify


You were on level 2 of the Lair of Beasts.
You worshipped Jiyva.
Jiyva was exalted by your worship.
You visited 3 branches of the dungeon, and saw 15 of its levels.

You collected 501 gold pieces.

Inventory:

Hand Weapons
 a - a +0 falchion
 s - a +0 dagger of venom
 t - the +1 spear of Disharmony {vamp, *Rage Will+ Int+2}
   (You found it on level 5 of the Dungeon)

   Int:       It affects your intelligence (+2).
   *Rage:     It berserks you when you make melee attacks (+20% chance).
   Will:      It increases your willpower.
 u - a +2 dagger of draining
 v - a +2 whip of freezing
 y - a +2 dagger of draining
 F - a +1 scimitar of flaming (weapon)
 J - a +1 scimitar of flaming
Missiles
 c - 2 throwing nets
 d - 4 boomerangs of dispersal
 j - 2 datura-tipped darts
 x - 26 poisoned darts (quivered)
Armour
 b - a +0 leather armour
 o - a +2 hat
 r - a +0 scale mail
 P - a +2 robe of cold resistance
 S - the +1 robe "Fuokhlih" (worn) {Str+3 Dex+3}
   (You found it on level 1 of the Lair of Beasts)

   Str:       It affects your strength (+3).
   Dex:       It affects your dexterity (+3).
Jewellery
 g - a ring of resist corrosion
 G - an amulet of regeneration
 K - a ring of magical power (left hand)
 O - a ring of ice
 R - the amulet of the Four Winds (around neck) {rN+ Will+++ Clar}
   (You found it on level 12 of the Dungeon)

   [amulet of nothing]

   rN:        It protects you from negative energy.
   Clar:      It protects you against confusion.
   Will:      It greatly increases your willpower.
Wands
 h - a wand of flame (16)
 L - a wand of paralysis (3)
Scrolls
 f - a scroll of teleportation
 k - a scroll of immolation
 l - 2 scrolls of vulnerability
 m - 2 scrolls of magic mapping
 p - 3 scrolls of fog
 q - a scroll of summoning {unknown}
 w - 4 scrolls of silence
 A - a scroll of enchant weapon
 B - 2 scrolls of blinking
 E - a scroll of fear {unknown}
 H - 3 scrolls of poison {unknown}
 I - a scroll of enchant armour {unknown}
Potions
 e - 4 potions of flight
 i - 4 potions of mutation {unknown}
 n - 3 potions of curing
 z - 4 potions of attraction {unknown}
 C - 2 potions of invisibility {unknown}
 D - a potion of lignification {unknown}
 M - a potion of berserk rage {unknown}
 N - a potion of heal wounds {unknown}
 Q - a potion of ambrosia {unknown}
 T - a potion of brilliance {unknown}


   Skills:
 - Level 13.8 Fighting
 + Level 11.2 Long Blades
 - Level 0.8 Throwing
 - Level 0.7 Armour
 - Level 5.1 Dodging
 - Level 5.4 Spellcasting
 - Level 7.6 Translocations


You had 12 spell levels left.
You knew the following spells:

 Your Spells              Type           Power      Damage    Failure   Level
a - Blink                 Tloc           74%        N/A       1%          2
b - Vhi's Electric Charg  Tloc/Air       42%        N/A       6%          3
c - Manifold Assault      Tloc           37%        N/A       4%          4

Your spell library contained the following spells:

 Spells                   Type           Power      Damage    Failure   Level
 Lesser Beckoning         Tloc           74%        N/A       1%          2
 Teleport Other           Tloc           37%        N/A       1%          3
 Portal Projectile        Hex/Tloc       42%        N/A       6%          3
 Static Discharge         Conj/Air       10%        2-3/arc   16%         2
 Call Canine Familiar     Summ           5%         N/A       30%         3
 Leda's Liquefaction      Hex/Erth       2%         N/A       71%         4
 Arcjolt                  Conj/Air       2%         1d12      96%         5
 Lightning Bolt           Conj/Air       2%         1d14      96%         5


Dungeon Overview and Level Annotations

Branches:
Dungeon (12/15)            Temple (1/1) D:5            Lair (2/5) D:11
  Swamp: Lair:2-3    Shoals: Lair:2-3     Snake: Lair:2-3    Spider: Lair:2-3
    Orc: D:9-12

Altars:
Ashenzari
Cheibriados
Dithmenos
Elyvilon
Fedhas
Gozag
Hepliaklqana
Kikubaaqudgha
Makhleb
Nemelex Xobeh
Okawaru
Qazlal
Ru
Sif Muna
Trog
Uskayaw
Vehumet
Wu Jian
Xom
Yredelemnul
Zin
The Shining One
Jiyva

Shops:
D:7 :

Annotations:
D:4 1 runed translucent door, Crazy Yiuf


Innate Abilities, Weirdness & Mutations

You have razor-sharp teeth.
Your natural rate of healing is unusually fast.
When hurt, damage is shared between your health and your magic reserves.
Your bite disrupts and absorbs the magic of your enemies.
Potions cannot restore your health.
You have a pair of small horns on your head.
Your mind is very acute. (Int +8, Str/Dex -2)
Your flesh is heat resistant. (rF+)
You are somewhat resistant to both further mutation and mutation removal.
Your body has grown many eyes which may confuse attackers. (Acc +5)
Your pliable body absorbs attacks. (AC +2, EV +2)
Armour fits poorly on your pseudopods.
You are covered in slimy tendrils that may disarm your opponents.


Message History

The water moccasin barely misses you.
The jumping spider leaps!
The jumping spider pounces on you.
You are caught in a web!
The jumping spider barely misses you. The redback bites you!
You are poisoned.
The redback poisons you!
A cane toad comes into view.
The water moccasin bites you.
The eyeballs on your body gaze at the water moccasin.
The water moccasin bites itself.
You are caught in a web!
You are caught in a web!
You are caught in a web!
Blink to where?
Press: ? - help, Dir - move target A redback and an elephant come into view.
As you read the scroll of blinking, it crumbles to dust.
You feel extremely sick. The redback barely misses you.
The redback closely misses you.
You slash the redback! You burn the redback. You bite the redback.
You drain its power.
You feel invigorated.
Your bludgeon misses the redback.
The redback is almost dead.
You feel very sick.
The jumping spider leaps!
The cane toad stings you! The redback bites you!
You are lethally poisoned!
The redback poisons you!
An elephant comes into view.
You slice the redback!! You burn the redback.
You kill the redback!
You feel extremely sick.
The jumping spider leaps!
The cane toad misses you.
The eyeballs on your body gaze at the cane toad.
The wyvern hisses menacingly.
Okay, then.
Your system rejects the healing.
You feel better.
The jumping spider leaps!
The cane toad barely misses the pharaoh ant.
The pharaoh ant bites you!!!
* * * LOW HITPOINT WARNING * * *
You shudder from the blow and a jelly pops out!
You partially resist.
You feel drained.
You die...

#.....## #........ #......#
......... #....# .........
####...>####### #........
#.##....l..##.#########........
##..........s○..##P.#P.P..P....
##......S...s..J...Y..<.......
#......s...BF...Y............
#......##P#P@#####.P#.#.##.##
####.######### ######## #.# ###


You could see 2 elephants, a cane toad (confused), a pharaoh ant (ally target),
2 jumping spiders, a water moccasin (confused), a wyvern, a redback and a
friendly azure jelly (summoned).

Vanquished Creatures
  Fannar (D:11)
  Erica (D:9)
  A two-headed ogre (D:9)
  Pikel (D:4)
  Maggie (D:7)
  An unseen horror (D:12)
  A komodo dragon (Lair:1)
  6 blink frogs (Lair:1)
  Sigmund (D:3)
  A shadow (D:11)
  A vampire (D:11)
  2 wraiths (D:9)
  2 basilisks (Lair:1)
  24 yaks
  A redback (Lair:2)
  3 vampire mosquitoes (D:12)
  2 acid dragons
  4 water moccasins
  An ice beast (D:8)
  An orc warrior (D:10)
  A sky beast (D:7)
  6 wolves (Lair:1)
  6 centaurs
  2 ogres (D:6)
  3 kobold brigands
  4 bullfrogs
  A gnoll sergeant (D:10)
  A necrophage (D:7)
  A scorpion (D:4)
  6 killer bees
  6 hounds
  A quasit (D:8)
  2 orc priests
  A gnoll bouda (D:5)
  2 iguanas
  5 orc wizards
  7 hell rats (Lair:1)
  8 gnolls
  7 adders
  A shadow imp (D:8)
  A white imp (D:8)
  An ufetubus (D:8)
  A worm (D:4)
  3 dart slugs
  19 orcs
  8 bats
  4 endoplasms
  4 giant cockroaches
  4 goblins
  4 hobgoblins
  8 jackals
  A quokka (D:1)
  5 ball pythons
  5 frilled lizards
  7 kobolds
  2 rats
204 creatures vanquished.

Vanquished Creatures (collateral kills)
  A centaur warrior (D:12)
  A two-headed ogre (D:11)
  An efreet (D:8)
  A yak (D:8)
  A gnoll bouda (D:8)
5 creatures vanquished.

Vanquished Creatures (others)
  A meliai (D:8)
  A slime creature (D:8)
  3 centaurs
  2 scorpions
  3 killer bees (D:9)
  2 howler monkeys
  14 jellies
  A hound (D:5)
  An iguana (D:6)
  2 orc wizards
  Ijyb (D:5)
  3 gnolls (D:2)
  6 adders
  A worm (D:2)
  2 orcs
  A goblin (D:3)
  2 quokkas
  A bat (D:2)
  A kobold (D:6)
  A fungus (Lair:1)
  13 plants
  4 toadstools (D:1)
66 creatures vanquished.

Grand Total: 275 creatures vanquished

Notes
Turn   | Place    | Note
-------+----------+-------------------------------------------
     0 | D:1      | Leeroy the Vine Stalker Warper began the quest for the Orb.
     0 | D:1      | Reached XP level 1. HP: 11/11 MP: 4/4
   191 | D:1      | Reached XP level 2. HP: 4/15 MP: 3/6
   809 | D:2      | Found a faded altar of an unknown god.
   857 | D:2      | Reached XP level 3. HP: 18/18 MP: 7/7
   867 | D:2      | Prayed at the altar of an unknown god.
   867 | D:2      | Became a worshipper of Jiyva Jyitt the Shapeless
   867 | D:2      | Reached * piety under Jiyva
  1099 | D:2      | Reached ** piety under Jiyva
  2055 | D:3      | Noticed Sigmund
  2079 | D:4      | Noticed a kobold brigand
  2083 | D:5      | Entered Level 5 of the Dungeon
  2087 | D:5      | Reached *** piety under Jiyva
  2093 | D:5      | Gained mutation: You are covered in slimy tendrils that may
                  | disarm your opponents. [Jiyva's grace]
  2093 | D:5      | Gained mutation: Your body has grown eyes which may confuse
                  | attackers. (Acc +3) [Jiyva's grace]
  2093 | D:5      | Gained mutation: Your body has grown many eyes which may
                  | confuse attackers. (Acc +5) [Jiyva's grace]
  2093 | D:5      | Gained mutation: Your body is covered in eyes which may
                  | confuse attackers. (Acc +7, SInv) [Jiyva's grace]
  2118 | D:5      | Found a staircase to the Ecumenical Temple.
  2123 | D:5      | Noticed a water moccasin
  2139 | D:5      | Killed a water moccasin
  2140 | D:5      | Gained mutation: Your natural rate of healing is unusually
                  | fast. [Vine Stalker growth]
  2140 | D:5      | Reached XP level 4. HP: 9/23 MP: 5/8
  2140 | D:5      | Reached XP level 5. HP: 10/26 MP: 5/9
  2141 | Temple   | Entered the Ecumenical Temple
  2402 | D:5      | Reached skill level 5 in Long Blades
  2465 | D:5      | Noticed Ijyb
  2488 | D:5      | Killed Ijyb
  2575 | D:5      | Reached XP level 6. HP: 30/30 MP: 10/10
  2653 | D:5      | Identified the +1 spear of Disharmony {vamp, *Rage Will+
                  | Int+2}
  2736 | D:5      | Reached **** piety under Jiyva
  3213 | D:4      | Noticed Pikel
  3236 | D:4      | Killed Pikel
  3237 | D:4      | Reached skill level 5 in Dodging
  3237 | D:4      | Reached XP level 7. HP: 34/34 MP: 9/11
  3237 | D:4      | Gained mutation: You have razor-sharp teeth. [Vine Stalker
                  | growth]
  3237 | D:4      | Reached XP level 8. HP: 38/38 MP: 9/12
  3302 | D:4      | Found a shimmering altar of Xom.
  3432 | D:4      | Found a runed translucent door.
  3433 | D:4      | Noticed Crazy Yiuf
  3938 | D:3      | Reached ***** piety under Jiyva
  4108 | D:3      | Killed Sigmund
  4157 | D:3      | Gained mutation: You expend magic power (3 MP) to
                  | strengthen your wands. [Jiyva's grace]
  4157 | D:3      | Gained mutation: You have a small jelly attached to you
                  | that may absorb projectiles. [Jiyva's grace]
  4157 | D:3      | Gained mutation: Your rubbery body absorbs attacks. (AC +1,
                  | EV +1) [Jiyva's grace]
  4157 | D:3      | Gained mutation: Your pliable body absorbs attacks. (AC +2,
                  | EV +2) [Jiyva's grace]
  4716 | D:6      | Reached skill level 5 in Spellcasting
  4773 | D:6      | Learned a level 2 spell: Blink
  4781 | D:6      | Learned a level 3 spell: Vhi's Electric Charge
  4786 | D:6      | Learned a level 4 spell: Manifold Assault
  4898 | D:6      | Found a sparkling altar of Nemelex Xobeh.
  4898 | D:6      | Found a stormy altar of Qazlal.
  4916 | D:6      | Found a glowing golden altar of the Shining One.
  4923 | D:6      | Found an iron altar of Okawaru.
  4925 | D:6      | Found a shimmering blue altar of Sif Muna.
  5029 | D:6      | You fall into a shaft and drop 1 floor!
  5090 | D:7      | Reached skill level 5 in Translocations
  5110 | D:7      | Reached XP level 9. HP: 42/42 MP: 18/18
  5449 | D:7      | Found Ebroixkaikh's Vocational Training.
  5457 | D:7      | Noticed Maggie
  5480 | D:7      | Killed Maggie
  5725 | D:9      | Noticed Erica
  5731 | D:9      | Killed Erica
  5743 | D:9      | Reached ****** piety under Jiyva
  5864 | D:9      | Noticed a two-headed ogre
  5874 | D:9      | Killed a two-headed ogre
  5875 | D:9      | Reached XP level 10. HP: 46/46 MP: 19/19
  6077 | D:9      | Gained mutation: Your gelatinous body deflects attacks. (AC
                  | +3, EV +3) [Jiyva's grace]
  6077 | D:9      | Gained mutation: Armour fits poorly on your pseudopods.
                  | [Jiyva's grace]
  6077 | D:9      | Gained mutation: Armour fits poorly on your large
                  | pseudopods. [Jiyva's grace]
  6077 | D:9      | Gained mutation: Armour fits poorly on your massive
                  | pseudopods. [Jiyva's grace]
  6263 | D:10     | Entered Level 10 of the Dungeon
  6441 | D:8      | Reached skill level 10 in Long Blades
  6664 | D:8      | Reached skill level 2 in Fighting
  6670 | D:8      | Reached skill level 3 in Fighting
  6671 | D:8      | Reached skill level 4 in Fighting
  6888 | D:9      | Reached skill level 5 in Fighting
  6892 | D:9      | Reached XP level 11. HP: 53/56 MP: 20/20
  6901 | D:10     | Reached skill level 6 in Fighting
  6998 | D:10     | Reached skill level 7 in Fighting
  7086 | D:10     | Reached skill level 8 in Fighting
  7292 | D:10     | Reached skill level 9 in Fighting
  7581 | D:11     | Reached skill level 10 in Fighting
  7585 | D:11     | Noticed a two-headed ogre
  7609 | D:11     | Lost mutation: Your gelatinous body deflects attacks. (AC
                  | +3, EV +3) [Jiyva's grace]
  7609 | D:11     | Lost mutation: Armour fits poorly on your massive
                  | pseudopods. [Jiyva's grace]
  7609 | D:11     | Lost mutation: You have a small jelly attached to you that
                  | may absorb projectiles. [Jiyva's grace]
  7609 | D:11     | Gained mutation: You have a pair of small horns on your
                  | head. [Jiyva's grace]
  7609 | D:11     | Gained mutation: You have a pair of horns on your head.
                  | [Jiyva's grace]
  7609 | D:11     | Gained mutation: You have a pair of large horns on your
                  | head. [Jiyva's grace]
  7609 | D:11     | Gained mutation: Your flesh is heat resistant. (rF+)
                  | [Jiyva's grace]
  7616 | D:11     | Killed a two-headed ogre
  7622 | D:11     | Found a staircase to the Lair.
  7695 | D:11     | Noticed Fannar
  7729 | D:11     | Killed Fannar
  7730 | D:11     | Reached skill level 11 in Fighting
  8137 | D:12     | Found the amulet of the Four Winds {rN+ Will+++ Clar}
  8187 | D:12     | Noticed a centaur warrior
  8210 | D:12     | Killed a centaur warrior
  8211 | D:12     | Reached skill level 12 in Fighting
  8263 | Lair:1   | Entered Level 1 of the Lair of Beasts
  8285 | Lair:1   | Identified the +1 robe "Fuokhlih" {Str+3 Dex+3}
  8345 | Lair:1   | Reached skill level 13 in Fighting
  8515 | Lair:1   | Reached XP level 12. HP: 59/73 MP: 21/21
  8674 | Lair:1   | Lost mutation: You have a pair of large horns on your head.
                  | [Jiyva's grace]
  8674 | Lair:1   | Lost mutation: You have a pair of horns on your head.
                  | [Jiyva's grace]
  8674 | Lair:1   | Lost mutation: Your body is covered in eyes which may
                  | confuse attackers. (Acc +7, SInv) [Jiyva's grace]
  8674 | Lair:1   | Lost mutation: Armour fits poorly on your large pseudopods.
                  | [Jiyva's grace]
  8674 | Lair:1   | Lost mutation: You expend magic power (3 MP) to strengthen
                  | your wands. [Jiyva's grace]
  8674 | Lair:1   | Gained mutation: Your mind is acute. (Int +4, Str/Dex -1)
                  | [Jiyva's grace]
  8674 | Lair:1   | Gained mutation: Your mind is very acute. (Int +8, Str/Dex
                  | -2) [Jiyva's grace]
  8674 | Lair:1   | Gained mutation: You are somewhat resistant to further
                  | mutation. [Jiyva's grace]
  8674 | Lair:1   | Gained mutation: You are somewhat resistant to both further
                  | mutation and mutation removal. [Jiyva's grace]
  9004 | Lair:2   | HP: 3/74 [pharaoh ant (23)]
  9004 | Lair:2   | Slain by a pharaoh ant

Illustrated notes

Levels and vault maps discovered:
D:1:      ldierk_walled_garden_2, layout_basic
D:2:      layout_loops_ring, serial_co_window_serial, co_window_paths_a,
          co_window_paths_a, co_window_of_opportunity_a, co_window_corner_a,
          co_window_corner_a, co_window_cross_4, co_window_corner_b,
          co_window_corner_b, co_window_corner_ca, co_window_unsneaky_path_b,
          co_window_4corner_a, co_window_4corner_b, glass_columns_a,
          hellmonk_ecumenical_altar_prayer_group, nicolae_underground_beach
D:3:      layout_basic, uniq_sigmund
D:4:      layout_rooms, kennysheep_mini, minmay_close_crescents,
          uniq_crazy_yiuf_cottage, uniq_pikel
D:5:      layout_basic, minmay_temple_entry_hall, guppyfry_early_lair_pool,
          uniq_ijyb
D:6:      layout_basic, chequers_temple_overflow_minitemple, grunt_ministairs_8
D:7:      layout_basic, nicolae_shop_vocational, uniq_maggie
D:8:      layout_cave_pools, serial_demonic, serial_demonic_e, serial_demonic_g,
          serial_demonic_b, serial_demonic_g, minmay_manual_mail
D:9:      layout_basic, chequers_jeans, uniq_erica
D:10:     layout_roguey
D:11:     layout_basic, lair_entry_dummy, uniq_fannar
D:12:     layout_big_octagon, erik_orc_1, gammafunk_ghost_arena,
          minmay_unpleasant_kobolds
Temple:   nicolae_temple_slightly_damp_pantheon
Lair:1:   layout_chaotic_city
Lair:2:   layout_gridlike, nicolae_spider_entry_lesser_pyramids

Skill      XL: |  1  2  3  4  5  6  7  8  9 10 11 |
---------------+----------------------------------+-----
Long Blades    | 2 3 4 5 6 9 11 | 11.2
Dodging        | 5 |  5.1
Spellcasting   | 5 |  5.4
Translocations | 5 7 |  7.6
Fighting       | 5 13 | 13.8
Throwing       | |  0.8
Armour         | |  0.7

Action                     |  1- 3 |  4- 6 |  7- 9 | 10-12 || total
---------------------------+-------+-------+-------+-------++-------
  Melee: Falchion          |    93 |    88 |   109 |       ||   290
         Bite              |    25 |    30 |    55 |   103 ||   213
         Dagger            |       |    14 |    47 |       ||    61
         Punch             |       |       |     3 |     5 ||     8
         Scimitar          |       |       |    19 |   294 ||   313
         Pseudopods        |       |       |       |    68 ||    68
         Headbutt          |       |       |       |    26 ||    26
  Throw: Boomerang         |     3 |       |       |       ||     3
         Dart              |       |       |     2 |       ||     2
   Cast: Vhi's Electric Ch |       |       |       |     1 ||     1
  Evoke: Wand              |       |       |    10 |    11 ||    21
    Use: Scroll            |       |     1 |     1 |     8 ||    10
         Potion            |       |       |     2 |     1 ||     3
   Stab: Sleeping          |     1 |     1 |     3 |       ||     5
         Confused          |       |     2 |    13 |    13 ||    28
         Distracted        |       |     1 |       |       ||     1
         Paralysed         |       |       |    10 |       ||    10
 Armour: Leather armour    |    40 |    28 |    30 |    31 ||   129
         Robe              |       |       |       |     6 ||     6
  Dodge: Dodged            |    69 |    48 |   137 |   251 ||   505

Table legend: (Time is in decaauts)
 A = Elapsed time spent in this place.
 B = Non-inter-level travel time spent in this place.
 C = Inter-level travel time spent in this place.
 D = Time resting spent in this place.
 E = Time spent auto-exploring this place.
 F = Levels seen in this place.
 G = Mean time per level.
                   A        B        C        D        E       F      G
               +--------+--------+--------+--------+--------+-----+--------+
         Total |   8984 |   8368 |    616 |     27 |   6572 |  15 |  598.9 |
       Dungeon |   8046 |   7457 |    589 |     12 |   5851 |  12 |  670.5 |
        Temple |    206 |    188 |     18 |     14 |    147 |   1 |  206.0 |
          Lair |    731 |    722 |      9 |      1 |    574 |   2 |  365.5 |
               +--------+--------+--------+--------+--------+-----+--------+

Top non-repeatable levels by time:
     D:2: 1257 daAuts
     D:3: 936 daAuts
     D:5: 871 daAuts
     D:1: 774 daAuts
  Lair:1: 693 daAuts
     D:4: 679 daAuts
     D:9: 671 daAuts
     D:7: 658 daAuts
    D:11: 658 daAuts
    D:10: 557 daAuts
     D:8: 522 daAuts
     D:6: 319 daAuts
  Temple: 206 daAuts
    D:12: 140 daAuts
  Lair:2: 38 daAuts
